 Dungeon Crawl Stone Soup version 0.23.0 (webtiles) character file.

Game seed: 7941143215789588997

1297222 LostNumber the Bringer of Light (level 27, -10/208 HPs)
             Began as a Gargoyle Gladiator on Feb 8, 2019.
             Was the Champion of the Shining One.
             Mangled by an electric golem (18 damage)
             ... on level 5 of the Realm of Zot on Feb 9, 2019.
             The game lasted 04:23:17 (90724 turns).

LostNumber the Bringer of Light (GrGl)             Turns: 90724, Time: 04:23:18

Health: -10/208    AC:  0    Str: 33    XL:     27
Magic:  0/32       EV: 14    Int: 12    God:    the Shining One [******]
Gold:   7792       SH:  0    Dex: 11    Spells: 43/50 levels left

rFire    . . .     SeeInvis .   (weapon currently unavailable)
rCold    . . .     Gourm    .   (shield currently unavailable)
rNeg     + + +     Faith    .   (armour currently unavailable)
rPois    ∞         Spirit   +   (helmet currently unavailable)
rElec    .         Reflect  .   (cloak currently unavailable)
rCorr    .         Harm     .   (gloves currently unavailable)
MR       ++...                  (boots currently unavailable)
Stlth    +.........             L - amulet of guardian spirit
HPRegen  0.44/turn              (ring currently unavailable)
MPRegen  0.23/turn              (ring currently unavailable)

@: mighty, pig-form, berserk cooldown, flying, held, glowing, studying Earth
Magic, very quick
A: small, rugged brown scales 2, low mp 2, negative energy resistance 1,
petrification resistance, rot immunity, AC +20
}: 15/15 runes: decaying, slimy, silver, golden, iron, obsidian, icy, bone,
abyssal, demonic, glowing, magical, fiery, dark, gossamer
a: Divine Shield, Cleansing Flame, Summon Divine Warrior, Renounce Religion


You were on level 5 of the Realm of Zot.
You worshipped the Shining One.
The Shining One was exalted by your worship.
You were not hungry.
You were a filthy swine.
You visited 18 branches of the dungeon, and saw 90 of its levels.
You visited Pandemonium 1 time, and saw 15 of its levels.
You visited the Abyss 1 time.
You also visited: Ice Cave, Volcano and Wizlab.

You collected 11632 gold pieces.
You spent 3840 gold pieces at shops.

Inventory:

Hand Weapons
 F - a +9 sacred scourge of holy wrath (melded) (the Shining One gifted it to you on level 3 of the Vaults)
Missiles
 r - 7 throwing nets (quivered) {!f}
Armour
 b - a +2 helmet (melded)
   (You found it on level 6 of the Lair of Beasts)
 j - the +1 cloak of Starlight (melded) {rElec rC+ EV+4 Stlth--}
   (You found it on level 7 of Gehenna)

   It affects your evasion (+4).
   It protects you from cold.
   It insulates you from electricity.
   It makes you much less stealthy.
 k - the +2 pair of gloves of Jaorotosch (melded) {Str+2}
   (You acquired it on level 2 of the Abyss)

   It affects your strength (+2).
 N - the +6 large shield of the Grue (melded) {rPois}
   (You took it off an ironbrand convoker on level 5 of the Vaults)

   It protects you from poison.
 O - +12 gold dragon scales (melded)
   (You found it on level 4 of the Vaults)
 Y - a +2 pair of boots of running (melded)
   (You found it in a wizard's laboratory)
Jewellery
 h - the ring "Tuloitim" (melded) {rCorr rF+ MP+9}
   (You found it on level 14 of the Dungeon)

   [ring of resist corrosion]

   It protects you from fire.
   It affects your magic capacity (+9).
 l - a ring of protection from magic (melded)
   (You bought it in a shop on level 2 of the Orcish Mines)
 s - an uncursed ring of positive energy {unknown}
   (You found it on level 3 of the Realm of Zot)
 L - an amulet of guardian spirit (around neck)
   (You found it on level 10 of the Dungeon)
Wands
 c - a wand of disintegration (19)
   (You took it off a guardian mummy on level 1 of the Tomb of the Ancients)
 d - a wand of iceblast (35)
   (You found it on level 4 of the Depths)
 t - a wand of flame (14)
   (You found it on level 4 of the Realm of Zot)
 u - a wand of paralysis (14)
   (You found it on level 1 of the Swamp)
 v - a wand of digging (8)
   (You took it off a vault sentinel on level 5 of the Vaults)
 w - a wand of polymorph (32)
   (You found it on level 3 of the Dungeon)
 x - a wand of acid (35)
   (You found it on level 3 of the Lair of Beasts)
 E - a wand of enslavement (19)
   (You took it off a tengu conjurer on level 3 of the Depths)
 M - a wand of scattershot (23)
   (You took it off a deep elf mage on level 3 of the Vaults)
Scrolls
 a - 3 scrolls of silence
 f - 25 scrolls of teleportation {@r4}
 g - 3 scrolls of identify {@r1}
 p - 43 scrolls of remove curse {@r2}
 q - 10 scrolls of blinking
 C - 9 scrolls of immolation {!r}
 G - 8 scrolls of enchant armour
 S - 2 scrolls of summoning
 V - 14 scrolls of fear
 W - 10 scrolls of fog
 X - 8 scrolls of vulnerability {!r}
Potions
 m - 2 potions of cancellation
 n - 3 potions of agility
 y - 14 potions of heal wounds {@q2}
 z - 5 potions of resistance
 A - 12 potions of lignification {!q}
 B - 9 potions of mutation {!q}
 D - 3 potions of might
 H - 5 potions of ambrosia
 I - 7 potions of haste {@q3}
 J - 10 potions of brilliance
 K - 28 potions of curing {@q1}
 T - 4 potions of magic
Books
 U - a manual of Earth Magic {!d}
   (You found it on level 1 of the Elven Halls)
Miscellaneous
 o - 6 sacks of spiders
 Q - 2 phantom mirrors
Comestibles
 e - 80 rations {!d}
 i - 3 chunks of flesh


   Skills:
 O Level 27 Fighting
 - Level 18.0 Maces & Flails
 - Level 1.7 Throwing
 O Level 27 Armour
 + Level 22.0 Dodging
 O Level 27 Shields
 - Level 12.0 Spellcasting
 - Level 12.0 Translocations
 O Level 27 Invocations


You had 43 spell levels left.
You knew the following spells:

 Your Spells              Type           Power        Failure   Level  Hunger
b - Blink                 Tloc           N/A          1%          2    None
c - Apportation           Tloc           #####.       1%          1    None
v - Passage of Golubria   Tloc           N/A          1%          4    ###....

Your spell library contained the following spells:

 Spells                   Type           Power        Failure   Level  Hunger
 Shroud of Golubria       Chrm/Tloc      ###.......   1%          2    None
 Gell's Gravitas          Tloc           #####.....   1%          3    #......
 Lesser Beckoning         Tloc           #####.....   1%          3    #......
 Teleport Other           Tloc           #####...     1%          3    #......
 Portal Projectile        Hex/Tloc       ###...       2%          3    #......
 Force Lance              Conj/Tloc      ###.....     9%          4    ###....
 Animate Skeleton         Necr           N/A          10%         1    None
 Beastly Appendage        Tmut           #.....       10%         1    None
 Confusing Touch          Hex            #.....       10%         1    None
 Corona                   Hex            #......      10%         1    None
 Flame Tongue             Conj/Fire      #....        10%         1    None
 Infusion                 Chrm           #...         10%         1    None
 Magic Dart               Conj           #...         10%         1    None
 Pain                     Necr           #...         10%         1    None
 Sandblast                Erth           #.....       10%         1    None
 Shock                    Conj/Air       #...         10%         1    None
 Sting                    Conj/Pois      #...         10%         1    None
 Summon Butterflies       Summ           #.......     10%         1    None
 Summon Small Mammal      Summ           #...         10%         1    None
 Call Imp                 Summ           #.......     14%         2    None
 Corpse Rot               Necr           N/A          14%         2    None
 Ensorcelled Hibernation  Hex/Ice        #.....       14%         2    None
 Passwall                 Tmut/Erth      #.......     14%         2    None
 Poisonous Vapours        Pois/Air       #.....       14%         2    None
 Searing Ray              Conj           #.....       14%         2    None
 Slow                     Hex            #.......     14%         2    None
 Song of Slaying          Chrm           #.......     14%         2    None
 Sticks to Snakes         Tmut           #.......     14%         2    None
 Swiftness                Chrm/Air       #.......     14%         2    None
 Throw Flame              Conj/Fire      #.....       14%         2    None
 Summon Forest            Summ/Tloc      ###.......   22%         5    #####..
 Call Canine Familiar     Summ           #.......     28%         3    #......
 Confuse                  Hex            #.......     28%         3    #......
 Conjure Flame            Conj/Fire      #.......     28%         3    #......
 Dazzling Spray           Conj/Hex       #.....       28%         3    #......
 Ignite Poison            Fire/Tmut/Pois #.......     28%         3    #......
 Inner Flame              Hex/Fire       #.......     28%         3    #......
 Mephitic Cloud           Conj/Pois/Air  #.......     28%         3    #......
 Ozocubu's Armour         Chrm/Ice       #.......     28%         3    #......
 Regeneration             Chrm/Necr      #.........   28%         3    #......
 Spectral Weapon          Hex/Chrm       #.......     28%         3    #......
 Spider Form              Tmut/Pois      #.........   28%         3    #......
 Static Discharge         Conj/Air       #.......     28%         3    #......
 Stone Arrow              Conj/Erth      #.....       28%         3    #......
 Summon Guardian Golem    Hex/Summ       #.......     28%         3    #......
 Vampiric Draining        Necr           #.........   28%         3    #......
 Airstrike                Air            #.........   67%         4    ###....
 Animate Dead             Necr           N/A          67%         4    ###....
 Cause Fear               Hex            #.........   67%         4    ###....
 Fulminant Prism          Conj/Hex       #.........   67%         4    ###....
 Ice Form                 Ice/Tmut       #.......     67%         4    ###....
 Iskenderun's Mystic Bla  Conj           #.......     67%         4    ###....
 Leda's Liquefaction      Hex/Erth       #.........   67%         4    ###....
 Olgreb's Toxic Radiance  Pois           #.......     67%         4    ###....
 Petrify                  Tmut/Erth      #.......     67%         4    ###....
 Sticky Flame             Conj/Fire      #.......     67%         4    ###....
 Summon Ice Beast         Ice/Summ       #.......     67%         4    ###....
 Summon Lightning Spire   Summ/Air       #.......     67%         4    ###....
 Agony                    Necr           #.......     95%         5    #####..
 Alistair's Intoxication  Tmut/Pois      #.......     95%         5    #####..
 Blade Hands              Tmut           #.........   95%         5    #####..
 Bolt of Draining         Conj/Necr      #.........   95%         5    #####..
 Bolt of Magma            Conj/Fire/Erth #.........   95%         5    #####..
 Borgnjor's Vile Clutch   Necr/Erth      #.........   95%         5    #####..
 Dispel Undead            Necr           #.......     95%         5    #####..
 Excruciating Wounds      Chrm/Necr      #.........   95%         5    #####..
 Fireball                 Conj/Fire      #.........   95%         5    #####..
 Irradiate                Conj/Tmut      #.........   95%         5    #####..
 Iskenderun's Battlesphe  Conj/Chrm      #.......     95%         5    #####..
 Lee's Rapid Deconstruct  Erth           #.........   95%         5    #####..
 Lightning Bolt           Conj/Air       #.........   95%         5    #####..
 Metabolic Englaciation   Hex/Ice        #.........   95%         5    #####..
 Silence                  Hex/Air        #.........   95%         5    #####..
 Summon Mana Viper        Hex/Summ       #.......     95%         5    #####..
 Venom Bolt               Conj/Pois      #.........   95%         5    #####..
 Yara's Violent Unravell  Hex/Tmut       #.........   95%         5    #####..
 Controlled Blink         Tloc           N/A          99%         8    #######
 Bolt of Cold             Conj/Ice       #.........   100%        6    ######.
 Bolt of Fire             Conj/Fire      #.........   100%        6    ######.
 Conjure Ball Lightning   Conj/Air       #.........   100%        6    ######.
 Darkness                 Hex            #.........   100%        6    ######.
 Deflect Missiles         Chrm/Air       #.........   100%        6    ######.
 Freezing Cloud           Conj/Ice/Air   #.........   100%        6    ######.
 Hydra Form               Tmut           #.........   100%        6    ######.
 Iron Shot                Conj/Erth      #.........   100%        6    ######.
 Ozocubu's Refrigeration  Ice            #.........   100%        6    ######.
 Poison Arrow             Conj/Pois      #.........   100%        6    ######.
 Shadow Creatures         Summ           N/A          100%        6    ######.
 Simulacrum               Ice/Necr       #.........   100%        6    ######.
 Dragon Form              Tmut           #.........   100%        7    #######
 Orb of Destruction       Conj           #.........   100%        7    #######
 Ring of Flames           Chrm/Fire      #.........   100%        7    #######
 Spellforged Servitor     Conj/Summ      #.........   100%        7    #######
 Summon Hydra             Summ           #.........   100%        7    #######
 Chain Lightning          Conj/Air       #.........   100%        8    #######
 Discord                  Hex            #.........   100%        8    #######
 Ignition                 Fire           #.........   100%        8    #######
 Lehudib's Crystal Spear  Conj/Erth      #.........   100%        8    #######
 Dragon's Call            Summ           #.........   100%        9    #######
 Fire Storm               Conj/Fire      #.........   100%        9    #######
 Glaciate                 Conj/Ice       #.........   100%        9    #######
 Shatter                  Erth           #.........   100%        9    #######
 Tornado                  Air            #.........   100%        9    #######
 Sublimation of Blood     Necr           Unusable     N/A         2    N/A
 Statue Form              Tmut/Erth      Unusable     N/A         6    N/A

Dungeon Overview and Level Annotations

Branches:
Dungeon (15/15)            Temple (1/1) D:5            Lair (6/6) D:8
  Swamp (4/4) Lair:4       Spider (4/4) Lair:4        Slime (5/5) Lair:5
    Orc (2/2) D:9             Elf (3/3) Orc:2        Vaults (5/5) D:14
  Crypt (3/3) Vaults:3       Tomb (3/3) Crypt:3      Depths (5/5) D:15
   Hell (1/1)                 Dis (7/7) Hell            Geh (7/7) Hell
    Coc (7/7) Hell            Tar (7/7) Hell            Zot (5/5) Depths:5

Altars:
Ashenzari
Cheibriados
Dithmenos
Elyvilon
Fedhas
Gozag
Hepliaklqana
Kikubaaqudgha
Makhleb
Nemelex Xobeh
Okawaru
Qazlal
Ru
Sif Muna
Trog
Uskayaw
Wu Jian
Xom
Yredelemnul
Zin
The Shining One
Beogh
Jiyva

Shops:
D:12 *(!   D:15 [   Orc:2 (=[*!   Elf:2 =   Elf:3 }=}   Vaults:1 !
Vaults:2 =[:?   Vaults:4 [

Portals:
Hell: Depths:1 Depths:2 Depths:3 Depths:4 Depths:5
Abyss: Depths:2 Depths:4
Pandemonium: Depths:3 Depths:4 Depths:5
Ziggurat: Depths:4
Trove: D:12 (give 18 potions of curing)

Annotations:
D:2 1 runed translucent door, Crazy Yiuf
Elf:2 3 runed translucent doors
Vaults:3 1 runed translucent door, Switch's ghost, veteran DDFi
Dis:7 exclusion: 4 doors


Innate Abilities, Weirdness & Mutations

You are resistant to torment.
((Your stone body is resilient. (AC +20)))
You are immune to poison.
((Your large and strong wings let you fly indefinitely.))
You resist negative energy. (rN+)
((You are resistant to electric shocks. (rElec)))
((You can survive without breathing.))
You are immune to petrification.
You are immune to rotting.
((You have hoof-like feet.))
((You are partially covered in molten scales. (AC +2)))
(You are mostly covered in rugged brown scales. (AC +2, +5% HP))
Your magical capacity is very low. (-20% MP)
((You are covered in fur. (AC +1)))


Message History

You barely miss the Killer Klown.
The Killer Klown pokes out its tongue.
The Killer Klown drops a net on you. A large net falls onto you!
You become entangled in the net!
You are held in a net!
You are held in a net!
You struggle against the net.
The electric golem hurls lightning at you.
The bolt of lightning hits you! You resist.
The Killer Klown sucker-punches you but does no damage.
The Killer Klown blinks!
The Killer Klown throws klown pie at you.
The klown pie hits you!
Moon pie!
You turn into a filthy swine.
Your +9 sacred scourge of holy wrath melds into your body.
The +1 cloak of Starlight {rElec rC+ EV+4 Stlth--} melds into your body.
Your +2 helmet melds into your body.
The +2 pair of gloves of Jaorotosch {Str+2} melds into your body.
Your +2 pair of boots of running melds into your body.
The +6 large shield of the Grue {rPois} melds into your body.
Your +12 gold dragon scales melds into your body.
The ring "Tuloitim" {rCorr rF+ MP+9} melds into your body.
Your ring of protection from magic melds into your body.
Your +9 sacred scourge of holy wrath stops glowing.
You feel rather sluggish.
The Killer Klown teases you with a +12 club of venom.
The Killer Klown elbows you with a +12 club of freezing!!
* * * LOW HITPOINT WARNING * * *
The Killer Klown freezes you!
* * * LOW HITPOINT WARNING * * *
You tear a large gash into the net.
You feel yourself speed up. The electric golem hits you!
* * * LOW HITPOINT WARNING * * *
The electric golem shocks you!
* * * LOW HITPOINT WARNING * * *
The electric golem hits you!
* * * LOW HITPOINT WARNING * * *
The electric golem shocks you!!
* * * LOW HITPOINT WARNING * * *
The electric golem barely misses you. The electric golem closely misses you.
The Killer Klown blinks!
The Killer Klown grows four more heads, takes them off and juggles!
The Killer Klown squeezes you with a +12 club of freezing!!
* * * LOW HITPOINT WARNING * * *
The Killer Klown freezes you!
* * * LOW HITPOINT WARNING * * *
The electric golem hits you!
* * * LOW HITPOINT WARNING * * *
The electric golem shocks you!!
You die...

............. ..^..........
...........▓ .........▓
.......▓
#▓▓▓▓▓▓▓▓▓▓▓##8....▓▓
###..............†..^.##
##....##.........[......##
#...###......p..h§.......##
...###....§.....8p.p......#
..## #....................#
..# #......^............[#
.## #....................#
.# #...?^...............#
.## #....................#
..# ##............?.....##
..# #.......^........##


You could see 3 Killer Klowns and an electric golem.

Vanquished Creatures
  Cerebov (Pan)
  3 pandemonium lords (Pan)
  Asmodeus (Geh:7)
  Antaeus (Coc:7)
  the Royal Jelly (Slime:5)
  Ereshkigal (Tar:7)
  Gloorx Vloq (Pan)
  Mnoleg (Pan)
  Dispater (Dis:7)
  5 ancient liches
  An orb of fire (Zot:5)
  A juggernaut (Depths:4)
  13 greater mummies
  Boris (Depths:3)
  2 shard shrikes
  Frederick (Vaults:5)
  Saint Roka (Elf:3)
  Geryon (Hell)
  Jory (Depths:3)
  8 golden dragons
  Nikola (Swamp:2)
  A profane servitor (Pan)
  7 bone dragons
  20 Brimstone Fiends
  5 doom hounds
  17 Tzitzimimeh
  A hellephant (Abyss:1)
  13 liches
  14 Hell Sentinels
  4 iron giants (Dis:7)
  12 Ice Fiends
  15 tentacled monstrosities
  8 titans
  2 deep elf blademasters (Elf:3)
  12 Orb Guardians (Zot:5)
  4 quicksilver dragons
  A quicksilver dragon (shapeshifter) (Depths:5)
  19 Executioners (Pan)
  3 death cobs
  2 deep elf master archers (Elf:3)
  Gastronok (Lair:3)
  15 acid blobs
  Murray (Hell)
  17 ancient champions
  16 sphinxes
  14 shadow dragons
  A tentacled starspawn (Abyss:1)
  An eldritch tentacle (Dis:7)
  2 thorn hunters
  18 storm dragons
  3 draconian monks
  The ghost of ciphuk the Warrior, an adept KoBe of Trog (Depths:1)
  10 tengu reavers
  6 revenants
  2 azure jellies
  9 fire giants
  13 frost giants
  4 draconian knights
  7 cacodemons
  A blood saint (Pan)
  4 ghost moths
  5 deep elf sorcerers
  6 draconian scorchers
  16 iron dragons
  30 balrugs
  2 black suns (Pan)
  13 vault wardens
  4 curse skulls
  The ghost of Bolleh the Thaumaturge, a journeyman GnSk of Makhleb (Spider:4)
  2 warmongers (Pan)
  2 deep elf elementalists (Elf:3)
  2 emperor scorpions (Spider:4)
  10 ironheart preservers
  12 ghouls
  An angel (Pan)
  53 reapers
  2 draconian stormcallers (Zot:3)
  2 draconian shifters
  An orc warlord (Orc:1)
  2 elemental wellsprings
  26 stone giants
  7 draconian annihilators
  6 entropy weavers
  22 war gargoyles
  31 vampire knights
  24 very ugly things
  9 deep elf demonologists
  2 corrupters (Pan)
  6 green draconians
  6 black draconians (Zot:3)
  5 lorocyprocas
  6 bennus (Tomb:3)
  7 white draconians
  12 deep elf annihilators
  9 red draconians
  13 purple draconians
  5 yellow draconians
  A dire elephant (D:15)
  12 deep elf death magi
  4 spark wasps
  17 ettins
  The ghost of Cykl0x the Severer, a journeyman MiFi of Makhleb (D:13)
  11 fire dragons
  5 eidola
  2 death oozes
  15 mummy priests
  3 deep elf high priests
  8 green deaths (Pan)
  7 quicksilver dragon zombies
  22 blizzard demons
  A crystal guardian (Vaults:4)
  Erolcha (D:13)
  13 yaktaur captains
  19 ice dragons
  9 small abominations
  A great orb of eyes (shapeshifter) (Depths:4)
  18 great orbs of eyes
  23 jiangshi
  Harold (D:8)
  5 ghost crabs
  30 vault guards
  9 quicksilver dragon skeletons
  7 rakshasas
  8 centaur warriors
  22 hydras
  2 shambling mangroves (Swamp:2)
  4 monstrous demonspawn (Pan)
  4 spriggan air magi
  A two-headed ogre (shapeshifter) (Vaults:3)
  4 alligators
  10 death knights
  10 ogre magi
  10 tengu warriors
  32 death scarabs
  40 two-headed ogres
  7 deep troll shamans
  9 deep troll earth magi
  6 spriggan berserkers
  10 titan zombies
  11 dancing weapons
  4 death yaks
  6 holy swine (Pan)
  A thrashing horror (Abyss:1)
  19 vampire magi
  Sonja (Orc:2)
  39 hell hogs
  10 iron golems
  4 storm dragon zombies
  5 wretched stars
  2 orc high priests
  16 deep elf knights
  6 titan skeletons
  4 shock serpents
  14 sixfirhies
  48 sun demons
  13 iron trolls
  84 slime creatures
  20 hell knights
  A salamander mystic (Depths:1)
  A cherub (Pan)
  2 ghost moth zombies
  105 skeletal warriors
  2 spatial maelstroms (Abyss:3)
  21 soul eaters
  A spriggan druid (Swamp:2)
  3 golden dragon zombies
  5 storm dragon skeletons
  28 large abominations
  8 shadow wraiths
  A spectral emperor scorpion (Spider:4)
  A spectral entropy weaver (Spider:4)
  7 unseen horrors
  11 shadow demons
  13 anaconda zombies
  4 gelid demonspawn
  10 swamp dragons
  A torturous demonspawn (Pan)
  7 death drakes
  2 infernal demonspawn (Pan)
  An anaconda skeleton (Geh:7)
  18 flayed ghosts
  23 deep trolls
  A quicksilver dragon simulacrum (Abyss:3)
  A glowing orange brain (Depths:5)
  A lindwurm (Lair:6)
  A swamp dragon (shapeshifter) (Depths:3)
  13 ironbrand convokers
  7 wizards
  13 orb spiders
  Pikel (D:6)
  A spectral wolf spider (Spider:4)
  11 necromancers
  17 deep elf archers
  13 orc knights
  8 wolf spider zombies
  5 golden dragon skeletons
  3 shadow dragon zombies
  12 frost giant zombies
  2 harpies (shapeshifter)
  41 phantasmal warriors
  52 ugly things
  2 shadow dragon skeletons
  5 iron dragon zombies
  5 stone giant zombies
  2 shining eyes (Slime:5)
  A tengu skeleton (Depths:4)
  A salamander (shapeshifter) (Depths:1)
  8 orc sorcerers
  3 salamanders (Depths:1)
  A manticore (shapeshifter) (Vaults:4)
  69 deep elf magi
  28 wolf spiders
  6 elephants (Lair:6)
  A worldbinder (Abyss:1)
  6 iron dragon skeletons
  5 cyclopes
  13 fire giant zombies
  5 fire giant skeletons
  8 stone giant skeletons
  2 shock serpent zombies
  8 black mambas
  21 moths of wrath
  2 frost giant skeletons
  A guardian serpent (Lair:6)
  Joseph (D:8)
  An eye of devastation (Slime:4)
  5 ice statues
  3 torpor snails
  36 smoke demons
  14 molten gargoyles
  30 rust devils
  5 dire elephant zombies
  An apocalypse crab (WizLab)
  3 emperor scorpion zombies
  17 vault sentinels
  A spiny frog (shapeshifter) (Vaults:4)
  19 orange demons
  25 hellions
  A storm dragon simulacrum (Depths:4)
  A kobold demonologist (D:12)
  3 catoblepas zombies
  22 spiny frogs
  5 rime drakes
  An iron troll zombie (Crypt:2)
  3 komodo dragons (shapeshifter)
  6 efreet
  A black draconian zombie (Geh:5)
  6 komodo dragons
  59 yaktaurs
  23 freezing wraiths
  2 dire elephant skeletons
  2 catoblepas skeletons
  29 guardian mummies
  28 ice devils
  A green draconian zombie (Geh:6)
  34 tormentors
  33 hellwings
  13 demonic crawlers
  51 red devils
  25 jumping spiders
  32 hornets
  11 hydra zombies
  A red draconian skeleton (Crypt:3)
  2 wolf spider simulacra
  A merfolk (shapeshifter) (Vaults:5)
  A queen bee (Abyss:3)
  13 polar bears
  8 tengu conjurers
  10 raiju
  2 ancient zymes (Abyss:3)
  6 silent spectres
  5 meliai (Abyss:3)
  12 tyrant leeches
  11 trolls
  2 harpy zombies
  A grey draconian skeleton (Crypt:2)
  A merfolk (D:15)
  3 wind drakes (WizLab)
  A hornet (shapeshifter) (Vaults:2)
  8 alligator zombies
  A slime creature (shapeshifter) (Vaults:5)
  Grinder (D:6)
  4 fire dragon zombies
  4 harpy skeletons
  6 hydra skeletons
  11 blink frogs
  An iron dragon simulacrum (Tar:7)
  8 ettin zombies
  16 bog bodies
  5 ice dragon zombies
  6 hippogriffs
  A stone giant simulacrum (Tar:6)
  4 black mamba zombies
  A centaur simulacrum (D:14)
  68 flying skulls
  9 ynoxinuls
  2 alligator skeletons
  4 fire dragon skeletons
  12 air elementals
  55 redbacks
  70 yaks
  2 spriggans (shapeshifter)
  10 spriggans
  3 fire bats
  31 shadows
  25 tarantellas
  44 wraiths
  23 water elementals
  A spriggan simulacrum (Depths:4)
  Eustachio (D:5)
  3 ice dragon skeletons
  4 basilisks
  3 ettin skeletons
  2 ushabtiu (Tomb:1)
  28 fire elementals
  A vampire (Dis:3)
  15 wyverns
  12 chaos spawn
  7 hungry ghosts
  A golden eye (Slime:5)
  A yaktaur simulacrum (Vaults:2)
  2 black mamba skeletons (Geh:4)
  20 neqoxecs
  16 vampire mosquitoes
  2 golden eyes (shapeshifter)
  A redback simulacrum (Spider:4)
  14 insubstantial wisps
  A spectral orb spider (Spider:4)
  A steam dragon (Lair:2)
  A swamp worm (shapeshifter) (Vaults:5)
  2 spatial vortices (Abyss:3)
  13 two-headed ogre zombies (D:13)
  14 wargs
  A merfolk zombie (Crypt:3)
  16 swamp worms
  A hydra simulacrum (Coc:2)
  2 acid dragons
  75 hell hounds
  2 merfolk skeletons
  32 water moccasins
  10 spiny frog zombies
  A moth of wrath simulacrum (Spider:4)
  7 porcupines
  2 floating eyes (shapeshifter)
  A floating eye (Depths:4)
  10 swamp drakes
  A jumping spider simulacrum (Spider:4)
  A slave (D:6)
  A tarantella simulacrum (Spider:4)
  Duvessa (D:6)
  14 black bears
  61 orc warriors
  6 spiny frog skeletons
  14 ice beasts
  A sky beast (D:11)
  2 snapping turtle zombies
  7 eyes of draining
  A hornet zombie (D:10)
  A dream sheep zombie (Crypt:3)
  27 ogres
  9 phantoms
  18 wolves
  A manticore zombie (Geh:3)
  4 swamp dragon zombies
  25 necrophages
  5 boggarts (Depths:1)
  22 centaurs
  2 manticore skeletons
  13 crocodiles
  4 snapping turtle skeletons
  4 big kobolds
  A hippogriff zombie (Crypt:1)
  Blork the orc (D:4)
  16 bullfrogs
  A glowing shapeshifter simulacrum (Vaults:1)
  2 earth elementals (Elf:2)
  2 orb spider simulacra (Spider:4)
  A spiny frog simulacrum (Hell)
  Dowan (D:6)
  8 scorpions
  A wyvern skeleton (D:13)
  17 killer bees
  2 troll zombies
  89 wights
  A spectral wolf (Depths:3)
  2 vampire bats (Lair:3)
  A yak skeleton (Crypt:1)
  5 howler monkeys
  A troll skeleton (Geh:7)
  4 electric eels
  16 crimson imps
  17 starcursed masses
  3 centaur zombies
  2 quasits
  2 bullfrog zombies
  7 jellies
  7 centaur skeletons
  12 hounds
  A demonspawn zombie (Crypt:3)
  3 human zombies
  28 orc priests
  32 iron imps
  A human skeleton (Geh:6)
  3 bullfrog skeletons
  25 orc wizards
  6 iguanas
  Ijyb (D:3)
  A demonspawn skeleton (Crypt:3)
  4 hell rats
  7 worker ants
  A dwarf zombie (Crypt:2)
  3 killer bee zombies
  An ogre zombie (D:13)
  A tengu zombie (Crypt:3)
  A naga zombie (Geh:7)
  2 hound zombies
  A crocodile skeleton (Crypt:2)
  29 mummies
  A hound skeleton (D:6)
  A worker ant zombie (D:10)
  A howler monkey skeleton (D:6)
  8 gnolls
  19 adders
  A steam dragon skeleton (Crypt:3)
  A swamp drake skeleton (Crypt:1)
  7 shadow imps
  6 white imps
  An ufetubus (Depths:3)
  7 oozes
  3 adder skeletons
  3 worms
  A barachi zombie (Crypt:1)
  2 dart slugs (D:1)
  3 leopard geckos
  91 orcs
  17 bats
  A bat skeleton (Crypt:2)
  A bat zombie (D:1)
  5 giant cockroaches
  6 goblins
  8 hobgoblins
  11 jackals
  8 quokkas
  3 frilled lizards
  A giant cockroach zombie (D:1)
  2 gnoll skeletons
  A hobgoblin zombie (Crypt:3)
  30 kobolds
  A kobold zombie (Crypt:3)
  A quokka zombie (D:6)
  11 rats
  A river rat skeleton (Crypt:1)
  2 crawling corpses (Elf:3)
  4 fire vortices
  A starspawn tentacle (Abyss:1)
  4 withered plants (Crypt:3)
4415 creatures vanquished.

Vanquished Creatures (collateral kills)
  Lom Lobon (Pan)
  Khufu (Tomb:2)
  Mennas (Crypt:1)
  A pandemonium lord (Pan)
  Arachne (Spider:3)
  A Brimstone Fiend (Geh:7)
  A Cloud Mage (WizLab)
  Rupert (Orc:2)
  2 liches
  Jorgrun (Spider:3)
  A titan (Pan)
  A quicksilver dragon (Depths:5)
  4 acid blobs (Slime:5)
  A storm dragon (Zot:1)
  A shadow dragon (Depths:5)
  A frost giant (Depths:5)
  The ghost of P0WERM0DE the Dwarven Aeon, a journeyman DDFi of Cheibriados (Spider:3)
  2 ghost moths (Spider:4)
  A fire giant (Depths:5)
  An emperor scorpion (Spider:4)
  4 cacodemons
  An ironheart preserver (Vaults:4)
  A spriggan defender (Depths:5)
  A reaper (Pan)
  A very ugly thing (Pan)
  2 black draconians
  4 bennus (Tomb:3)
  2 purple draconians (Depths:5)
  A white draconian (Zot:1)
  2 red draconians (Depths:5)
  A mummy priest (Tomb:1)
  A green death (Pan)
  A great orb of eyes (Slime:5)
  2 yaktaur captains (Depths:5)
  A hydra (Swamp:4)
  A quicksilver dragon skeleton (Coc:7)
  A spriggan air mage (WizLab)
  An ice dragon (Coc:7)
  3 two-headed ogres
  7 death scarabs (Tomb:3)
  An alligator (Swamp:2)
  2 ogre magi
  A hell hog (Hell)
  A deep elf knight (Vaults:4)
  A soul eater (Hell)
  A storm dragon zombie (Tomb:3)
  2 sixfirhies (Pan)
  5 skeletal warriors
  A torturous demonspawn (Pan)
  A glowing orange brain (Depths:2)
  A deep troll (Depths:5)
  An anaconda zombie (Coc:7)
  A deep troll (shapeshifter) (Vaults:4)
  An ironbrand convoker (Vaults:4)
  An orb spider (Spider:3)
  7 ugly things
  An orc knight (Vaults:4)
  2 wolf spiders (Spider:4)
  A frost giant zombie (Geh:6)
  A stone giant zombie (Geh:6)
  A moth of wrath (Spider:4)
  A shining eye (Slime:5)
  2 rust devils (Hell)
  2 vault sentinels (Vaults:4)
  2 orange demons (Pan)
  2 smoke demons (Pan)
  4 ice devils
  A hydra zombie (Coc:7)
  5 guardian mummies (Tomb:3)
  A demonic crawler (Spider:3)
  A tengu conjurer (D:13)
  3 hornets
  4 jumping spiders (Spider:4)
  A bog body (Coc:7)
  An ice dragon zombie (Coc:7)
  4 flying skulls
  A hippogriff (shapeshifter) (Depths:2)
  7 redbacks
  A frost giant simulacrum (Coc:7)
  3 tarantellas (Spider:3)
  6 yaks (Lair:6)
  A fire bat (Geh:7)
  A water elemental (Coc:7)
  4 neqoxecs (Pan)
  A warg (Lair:6)
  2 two-headed ogre zombies (D:13)
  5 hell hounds
  3 swamp drakes (Swamp:4)
  2 black bears (Lair:6)
  An ice beast (D:15)
  An orc warrior (Vaults:4)
  2 ogres (Vaults:4)
  A snapping turtle skeleton (Tomb:3)
  3 wolves (Lair:6)
  A crocodile (shapeshifter) (Depths:2)
  A manticore skeleton (Geh:7)
  A wight (Geh:7)
  2 mummies
  2 orcs (Vaults:4)
183 creatures vanquished.

Vanquished Creatures (others)
  An elemental wellspring (Coc:7)
  A blizzard demon (Pan)
  A spriggan air mage (WizLab)
  A shambling mangrove (Swamp:4)
  A hell hog (Geh:3)
  A shock serpent (WizLab)
  A sun demon (Pan)
  An orc knight (Vaults:5)
  A centaur skeleton (D:13)
  A hellion (Geh:7)
  A jumping spider (Spider:2)
  A redback (Spider:1)
  A ynoxinul (Pan)
  An air elemental (WizLab)
  A chaos spawn (Pan)
  A swamp worm (Swamp:2)
  A large abomination (Abyss:1)
  A hell hound (Geh:7)
  2 orc warriors
  A killer bee (Abyss:3)
  A crimson imp (Geh:4)
  3 iron imps (Dis:7)
  A mummy (Dis:3)
  2 gnolls (D:6)
  A white imp (Coc:7)
  8 ball lightnings (Pan)
  An orc (Vaults:5)
  A briar patch (Swamp:4)
  48 bushes
  48 fungi
  50 plants
  A starspawn tentacle (Abyss:1)
  A withered plant (Depths:1)
187 creatures vanquished.

Grand Total: 4785 creatures vanquished

Notes
Turn   | Place    | Note
-------+----------+-------------------------------------------
     0 | D:1      | LostNumber the Gargoyle Gladiator began the quest for the
                  | Orb.
     0 | D:1      | Reached XP level 1. HP: 12/12 MP: 1/1
    46 | D:1      | Reached XP level 2. HP: 17/18 MP: 2/2
   153 | D:1      | Reached skill level 1 in Armour
   234 | D:1      | Reached XP level 3. HP: 22/22 MP: 3/3
  1077 | D:2      | Reached XP level 4. HP: 25/27 MP: 4/4
  1289 | D:2      | Noticed a centaur
  1298 | D:2      | Killed a centaur
  1298 | D:2      | Reached skill level 1 in Shields
  1298 | D:2      | Reached XP level 5. HP: 7/32 MP: 5/5
  1592 | D:2      | Found a white marble altar of Elyvilon.
  1812 | D:2      | Found a runed translucent door.
  1813 | D:2      | Noticed Crazy Yiuf
  2041 | D:2      | Became a worshipper of Elyvilon the Healer
  2213 | D:3      | Found a sparkling altar of Nemelex Xobeh.
  2423 | D:3      | Noticed Ijyb
  2437 | D:3      | Killed Ijyb
  2509 | D:3      | Reached XP level 6. HP: 32/37 MP: 6/6
  2637 | D:3      | Reached * piety under Elyvilon
  2971 | D:4      | Reached skill level 5 in Maces & Flails
  2990 | D:4      | Reached skill level 1 in Invocations
  2998 | D:4      | Noticed Blork the orc
  3009 | D:4      | Killed Blork the orc
  3477 | D:4      | Reached XP level 7. HP: 42/42 MP: 6/8
  3598 | D:4      | Found a burning altar of Makhleb.
  3786 | D:4      | Reached ** piety under Elyvilon
  4001 | D:5      | Entered Level 5 of the Dungeon
  4201 | D:5      | Found a staircase to the Ecumenical Temple.
  4225 | Temple   | Entered the Ecumenical Temple
  4319 | Temple   | Fell from the grace of Elyvilon
  4319 | Temple   | Became a worshipper of the Shining One
  4319 | Temple   | Reached * piety under the Shining One
  4573 | D:6      | Noticed Eustachio
  4588 | D:5      | Killed Eustachio
  4588 | D:5      | Reached XP level 8. HP: 48/48 MP: 8/10
  4674 | D:6      | Noticed Pikel
  4700 | D:6      | Killed Pikel
  4700 | D:6      | Reached skill level 5 in Fighting
  4770 | D:6      | Noticed Grinder
  4777 | D:6      | Noticed Duvessa
  4778 | D:6      | Killed Grinder
  4778 | D:6      | Reached skill level 5 in Armour
  4778 | D:6      | Reached XP level 9. HP: 42/54 MP: 12/12
  4795 | D:6      | Noticed Dowan
  4815 | D:6      | Killed Duvessa
  4823 | D:6      | Killed Dowan
  4939 | D:6      | Reached ** piety under the Shining One
  5475 | D:7      | Reached skill level 5 in Invocations
  5853 | D:7      | Found a stormy altar of Qazlal.
  5967 | D:8      | Noticed Joseph
  6004 | D:8      | Killed Joseph
  6004 | D:8      | Reached XP level 10. HP: 43/61 MP: 14/14
  6169 | D:8      | Reached *** piety under the Shining One
  6275 | D:8      | Found a hazy altar of Hepliaklqana.
  6371 | D:8      | Noticed Harold
  6708 | D:8      | Reached skill level 10 in Maces & Flails
  6720 | D:8      | Found a staircase to the Lair.
  6758 | D:8      | Killed Harold
  7840 | D:9      | Reached **** piety under the Shining One
  8090 | D:9      | Reached XP level 11. HP: 64/68 MP: 16/16
  8189 | D:9      | Found a staircase to the Orcish Mines.
  8406 | D:9      | Noticed a two-headed ogre
  8412 | D:9      | Killed a two-headed ogre
  8462 | D:9      | Found a shattered altar of Ashenzari.
  8506 | D:9      | Found a deep blue altar of Sif Muna.
  8509 | D:9      | You fall through a shaft for 2 floors!
  8564 | D:10     | Entered Level 10 of the Dungeon
  8565 | D:10     | Noticed an unseen horror
  8575 | D:10     | Killed an unseen horror
  8579 | D:10     | Got a distressingly furry ring mail
  8590 | D:10     | Identified the +0 ring mail of Indemnity {Str+6} (You found
                  | it on level 10 of the Dungeon)
  8954 | D:10     | Found a sparkling altar of Nemelex Xobeh.
  9589 | D:11     | Reached ***** piety under the Shining One
  9877 | D:11     | Noticed a cyan ugly thing
  9901 | D:11     | Killed a cyan ugly thing
 10318 | Lair:1   | Entered Level 1 of the Lair of Beasts
 10450 | Lair:1   | Reached XP level 12. HP: 66/76 MP: 15/18
 10572 | Lair:1   | Noticed an eight-headed hydra
 10586 | Lair:1   | Killed an eight-headed hydra
 12162 | Lair:2   | Reached skill level 10 in Fighting
 12580 | Lair:3   | Noticed Gastronok
 12608 | Lair:3   | Killed Gastronok
 12608 | Lair:3   | Reached skill level 10 in Armour
 12619 | Lair:3   | Reached XP level 13. HP: 39/83 MP: 10/20
 12861 | Lair:3   | Reached skill level 10 in Invocations
 14123 | Lair:4   | Found a dark tunnel.
 14132 | Volcano  | Entered a volcano
 14164 | Volcano  | Reached skill level 5 in Dodging
 14372 | Lair:4   | Found a frozen archway.
 14408 | IceCv    | Entered an ice cave
 15114 | Lair:4   | Found a hole to the Spider Nest.
 15126 | Lair:4   | Got a transparent trident
 15626 | Lair:4   | Found a staircase to the Swamp.
 16370 | Lair:5   | Found a staircase to the Slime Pits.
 16445 | Lair:5   | Gained mutation: Your large and strong wings let you fly
                  | indefinitely. [Gargoyle growth]
 16445 | Lair:5   | Reached XP level 14. HP: 90/90 MP: 22/22
 16624 | Lair:6   | Entered Level 6 of the Lair of Beasts
 18910 | Lair:6   | Reached XP level 15. HP: 88/96 MP: 24/24
 19228 | Lair:6   | Got a slimy granite ring
 19229 | Lair:6   | Identified the ring of Cowardice {rCorr rN+ Int+3 Stlth+}
                  | (You found it on level 6 of the Lair of Beasts)
 19249 | Lair:6   | Reached ****** piety under the Shining One
 19619 | D:12     | Found a portal to a secret trove of treasure.
 19644 | D:12     | Found Cyhonijec's Assorted Antiques.
 19653 | D:12     | Bought a pair of glowing gloves for 210 gold pieces
 20087 | D:12     | Found Xetaill's Weapon Shoppe.
 20133 | D:12     | Found Panajuz's Distillery.
 20138 | D:12     | Bought a potion of heal wounds for 50 gold pieces
 20138 | D:12     | Bought a potion of haste for 100 gold pieces
 20138 | D:12     | Bought a potion of agility for 40 gold pieces
 20138 | D:12     | Bought a potion of haste for 100 gold pieces
 20138 | D:12     | Bought a potion of mutation for 80 gold pieces
 20670 | D:13     | Found a runed translucent door.
 20933 | D:13     | You are sucked into a shaft for 2 floors!
 20933 | D:15     | Entered Level 15 of the Dungeon
 20947 | D:15     | Found Isaegen's Antique Armour Boutique.
 20953 | D:15     | Bought a pair of smoking boots for 256 gold pieces
 20963 | D:15     | Identified the +1 pair of boots of Awe {rPois rN+ rCorr}
                  | (You bought it in a shop on level 15 of the Dungeon)
 21617 | D:14     | Reached skill level 15 in Maces & Flails
 22489 | D:13     | Noticed Erolcha
 22504 | D:13     | Killed Erolcha
 23049 | D:13     | Noticed Cykl0x's ghost (journeyman MiFi)
 23057 | D:13     | Killed Cykl0x's ghost
 23066 | D:13     | Identified the Incunabulum of Torrid Moulding
 23225 | D:14     | Got a scintillating tin ring
 23226 | D:14     | Identified the ring "Tuloitim" {rCorr rF+ MP+9} (You found
                  | it on level 14 of the Dungeon)
 23383 | D:14     | Found a gate to the Vaults.
 23403 | D:14     | Reached XP level 16. HP: 87/104 MP: 26/26
 23634 | D:15     | Found a staircase to the Depths.
 24491 | Orc:1    | Entered Level 1 of the Orcish Mines
 24647 | Orc:2    | Entered Level 2 of the Orcish Mines
 24647 | Orc:2    | Found a staircase to the Elven Halls.
 24647 | Orc:2    | Found Nuolo's Antique Armour Boutique.
 24647 | Orc:2    | Noticed Maurice
 24648 | Orc:2    | Noticed Maurice
 24648 | Orc:2    | Maurice changed into Maurice the black bear
 24655 | Orc:1    | Killed Maurice the black bear
 24905 | Orc:1    | Reached skill level 15 in Invocations
 25249 | Orc:2    | Found Loack's Antique Weapon Shoppe.
 25309 | Orc:2    | Noticed Sonja
 25545 | Orc:2    | Killed Sonja
 25596 | Orc:2    | Found Joco's General Store.
 25622 | Orc:2    | Found Did Egae's Jewellery Shoppe.
 26047 | Orc:2    | Bought an uncursed ring of protection from magic for 300
                  | gold pieces
 26077 | Orc:2    | Bought 2 potions of haste for 200 gold pieces
 26077 | Orc:2    | Bought a potion of heal wounds for 50 gold pieces
 26225 | Orc:2    | Found Jegeh's Distillery.
 26258 | Orc:2    | Bought a potion of might for 48 gold pieces
 26258 | Orc:2    | Bought a potion of might for 48 gold pieces
 26511 | Orc:2    | Noticed Rupert
 26524 | Orc:2    | Killed Rupert
 26835 | Orc:1    | Found a bloodstained altar of Trog.
 27014 | Orc:1    | Found a roughly hewn altar of Beogh.
 27144 | Orc:2    | Bought a runed plate armour for 598 gold pieces
 27160 | Orc:2    | Bought a shiny plate armour for 598 gold pieces
 27317 | Swamp:1  | Entered Level 1 of the Swamp
 27768 | Swamp:1  | Got a pitted scale mail
 27769 | Swamp:1  | Identified the cursed +1 scale mail of the Lair of Beasts
                  | {MR+} (You found it on level 1 of the Swamp)
 27890 | Swamp:2  | Noticed a thorn hunter
 27906 | Swamp:1  | Killed a thorn hunter
 28003 | Swamp:2  | Reached XP level 17. HP: 92/111 MP: 28/28
 28241 | Swamp:2  | Noticed Nikola
 28270 | Swamp:2  | Killed Nikola
 30159 | Swamp:4  | Entered Level 4 of the Swamp
 31016 | Swamp:4  | Reached skill level 10 in Dodging
 31355 | Swamp:4  | Got a decaying rune of Zot
 31593 | Spider:1 | Entered Level 1 of the Spider Nest
 31887 | Spider:1 | Reached skill level 15 in Fighting
 32758 | Spider:2 | Reached XP level 18. HP: 119/119 MP: 30/30
 33465 | Spider:3 | Noticed Arachne
 33477 | Spider:3 | Killed Arachne
 33503 | Spider:3 | Found a runed translucent door.
 33503 | Spider:3 | Found a shimmering altar of Xom.
 33503 | Spider:3 | Noticed P0WERM0DE's ghost (journeyman DDFi)
 33519 | Spider:3 | Killed P0WERM0DE's ghost
 33670 | Spider:3 | Got a slimy long sword
 33685 | Spider:3 | Noticed Jorgrun
 33696 | Spider:3 | Killed Jorgrun
 33982 | Spider:4 | Entered Level 4 of the Spider Nest
 35632 | Spider:4 | Found a runed translucent gate.
 35632 | Spider:4 | Found a runed translucent gate.
 35966 | Spider:4 | Got a gossamer rune of Zot
 36273 | Spider:4 | Found a runed translucent gate.
 36273 | Spider:4 | Noticed Bolleh's ghost (journeyman GnSk)
 36279 | Spider:4 | Identified the +0 long sword "Widanan" {freeze, rF+ MR++
                  | Str-2 Dex+2} (You found it on level 3 of the Spider Nest)
 36564 | Vaults:1 | Entered Level 1 of the Vaults
 37163 | Vaults:1 | Reached XP level 19. HP: 123/127 MP: 32/32
 37434 | Vaults:1 | Found Jihoca's Distillery.
 37697 | Vaults:1 | Bought a potion of heal wounds for 75 gold pieces
 37697 | Vaults:1 | Bought 2 potions of curing for 90 gold pieces
 37697 | Vaults:1 | Bought a potion of haste for 150 gold pieces
 37697 | Vaults:1 | Bought a potion of might for 60 gold pieces
 37697 | Vaults:1 | Bought a potion of haste for 150 gold pieces
 38768 | Vaults:2 | Found Amamele's Antique Armour Shoppe.
 39422 | Vaults:2 | Noticed a Brimstone Fiend
 39481 | Vaults:2 | Found Sastob's Magic Scroll Shoppe.
 39773 | Vaults:2 | Found Qith's Jewellery Shop.
 40128 | Vaults:2 | Found Xoluhao's Book Shop.
 40468 | Vaults:3 | Found a magical portal.
 40523 | WizLab   | Entered The Chambers of the Cloud Mage
 41273 | WizLab   | Noticed Wevucso
 41276 | WizLab   | Reached XP level 20. HP: 115/136 MP: 20/33
 41281 | WizLab   | Killed Wevucso the Cloud Mage
 41496 | WizLab   | Identified the Grimoire of Lightness
 41530 | WizLab   | Identified a +0 pair of boots of running (You found it in a
                  | wizard's laboratory)
 41749 | Vaults:3 | Found a staircase to the Crypt.
 42203 | Vaults:3 | Found a runed translucent door.
 42203 | Vaults:3 | Noticed Switch's ghost (veteran DDFi)
 42695 | Vaults:3 | Identified a +2 sacred scourge of holy wrath (a +0 demon
                  | whip blessed by the Shining One)
 42695 | Vaults:3 | Received a gift from the Shining One
 43725 | Vaults:4 | Reached skill level 5 in Shields
 43908 | Vaults:4 | Reached skill level 15 in Armour
 44164 | Vaults:4 | Found a bloodstained altar of Trog.
 44712 | Vaults:4 | Found Sobre's Antique Armour Emporium.
 44717 | Vaults:4 | Bought a shiny large shield for 217 gold pieces
 44727 | Vaults:4 | Identified a scroll of acquirement
 45096 | Vaults:5 | Entered Level 5 of the Vaults
 45096 | Vaults:5 | Noticed a golden dragon
 45238 | Depths:1 | Entered Level 1 of the Depths
 45429 | Depths:1 | Reached XP level 21. HP: 143/143 MP: 34/34
 45759 | Depths:1 | Got a smoking leather armour
 45865 | Depths:1 | Found a gateway to Hell.
 46326 | Depths:1 | Found a runed translucent door.
 46326 | Depths:1 | Noticed ciphuk's ghost (adept KoBe)
 46456 | Depths:1 | Killed ciphuk's ghost
 46460 | Depths:1 | Identified the Almanac of Floating Self-Improvement
 46557 | Depths:2 | Reached skill level 10 in Shields
 46800 | Depths:2 | Found a one-way gate to the infinite horrors of the Abyss.
 47685 | Depths:2 | Reached XP level 22. HP: 134/150 MP: 36/36
 48022 | Depths:2 | Identified the Reference Book on the Rocks and Poison
 48789 | Depths:3 | Found a one-way gate leading to the halls of Pandemonium.
 49041 | Depths:3 | Found an ancient bone altar of Kikubaaqudgha.
 49050 | Depths:3 | Noticed Jory
 49080 | Depths:3 | Killed Jory
 49139 | Depths:3 | Got a pitted chain mail
 49140 | Depths:3 | Identified the +2 chain mail "Beshekhu" {MP+9 Dex+3} (You
                  | found it on level 3 of the Depths)
 49316 | Depths:3 | Noticed Boris
 49334 | Depths:3 | Killed Boris
 50005 | Depths:4 | Identified the cursed +1 dagger of Waufuem {pierce, MR+
                  | Int+4}
 50023 | Depths:4 | Reached skill level 15 in Shields
 50023 | Depths:4 | Reached XP level 23. HP: 118/158 MP: 37/37
 50067 | Depths:4 | Found the +3 Elemental Staff {rElec rF++ rC++ MR++ AC+5}
 50067 | Depths:4 | Noticed a juggernaut
 50134 | Depths:4 | Killed a juggernaut
 50187 | Depths:4 | Noticed a golden dragon
 50208 | Depths:4 | Killed a golden dragon
 50263 | Depths:4 | Got a warped leather armour
 50661 | Depths:4 | Found a gateway to a ziggurat.
 51069 | Depths:5 | Entered Level 5 of the Depths
 51872 | Depths:5 | Noticed a golden dragon
 51880 | Depths:5 | Killed a golden dragon
 51947 | Depths:5 | Noticed a golden dragon
 51949 | Depths:5 | Identified the cursed +0 large shield of Vysup {SInv
                  | Stlth+}
 51971 | Depths:5 | Killed a golden dragon
 52073 | Depths:5 | Reached XP level 24. HP: 86/166 MP: 32/38
 52339 | Depths:5 | Found a gate to the Realm of Zot.
 53165 | Crypt:1  | Entered Level 1 of the Crypt
 53403 | Crypt:1  | Noticed Mennas
 53462 | Crypt:1  | Killed Mennas
 54352 | Crypt:3  | Entered Level 3 of the Crypt
 54726 | Crypt:3  | Found a staircase to the Tomb.
 54791 | Crypt:3  | Reached XP level 25. HP: 172/172 MP: 38/38
 55159 | Crypt:3  | Found an ancient bone altar of Kikubaaqudgha.
 55809 | Tomb:1   | Entered Level 1 of the Tomb of the Ancients
 56429 | Tomb:1   | Noticed a greater mummy
 56437 | Tomb:1   | Noticed a greater mummy
 56437 | Tomb:1   | Noticed a greater mummy
 56445 | Tomb:1   | Killed a greater mummy
 56448 | Tomb:1   | Killed a greater mummy
 56454 | Tomb:1   | Killed a greater mummy
 57376 | Elf:1    | Entered Level 1 of the Elven Halls
 57753 | Elf:1    | Found the +6 shillelagh "Devastator" {shatter}
 58217 | Elf:1    | Reached XP level 26. HP: 162/180 MP: 38/38
 58393 | Elf:2    | Found Quohahan's Jewellery Emporium.
 58795 | Elf:2    | Found a runed translucent gate.
 58795 | Elf:2    | Found a runed translucent gate.
 58796 | Elf:2    | Found a runed translucent gate.
 58996 | Elf:3    | Entered Level 3 of the Elven Halls
 59320 | Elf:3    | Found a deep blue altar of Sif Muna.
 59405 | Elf:3    | Noticed Saint Roka
 59429 | Elf:3    | Killed Saint Roka
 59728 | Elf:3    | Found Memout's Jewellery Shop.
 59729 | Elf:3    | Found Utuem's Gadget Emporium.
 59729 | Elf:3    | Found Plog's Gadget Emporium.
 60247 | Elf:3    | Identified the +2 robe of Going Fast {Dex+4 SInv}
 60247 | Elf:3    | Identified the amulet "Xelyod" {RegenMP *Drain +Inv rF+++
                  | Int-4}
 60814 | Elf:3    | Got a jewelled shortbow
 60834 | Elf:3    | Got an encrusted ring mail
 60837 | Elf:3    | Identified the cursed +1 ring mail of Mecsud {rN+ Int+2
                  | SInv} (You found it on level 3 of the Elven Halls)
 62045 | Vaults:5 | Noticed an ancient lich
 62066 | Vaults:4 | Killed an ancient lich
 62213 | Vaults:5 | Identified the cursed +0 war axe of Wehois {drain, Int+8}
 62265 | Vaults:4 | Reached XP level 27. HP: 185/188 MP: 39/39
 62760 | Vaults:5 | Noticed Frederick
 62772 | Vaults:5 | Killed Frederick
 63111 | Vaults:5 | Got a jewelled plate armour
 63112 | Vaults:5 | Identified the cursed +0 plate armour of the Armoured One
                  | {SInv} (You found it on level 5 of the Vaults)
 63117 | Vaults:5 | Got an encrusted plate armour
 63119 | Vaults:5 | Identified the +1 plate armour of the Dwarven Hall {rN+}
                  | (You acquired it on level 5 of the Vaults)
 63193 | Vaults:5 | Identified the +6 large shield of the Grue {rPois}
 63203 | Vaults:5 | Identified the +10 hand crossbow of Fuagrihe {venom, rF+
                  | MR- SInv}
 63290 | Vaults:5 | Identified Thaumaturgy Continued
 63293 | Vaults:5 | Got a silver rune of Zot
 63318 | Vaults:5 | Got a brightly glowing hunting sling
 63636 | Vaults:5 | Got a polished scimitar
 64753 | Spider:4 | Killed Bolleh's ghost
 64974 | Orc:2    | Bought a scroll of enchant armour for 75 gold pieces
 65288 | Slime:1  | Entered Level 1 of the Pits of Slime
 65487 | Slime:1  | Found a viscous altar of Jiyva.
 65955 | Slime:5  | Entered Level 5 of the Pits of Slime
 66736 | Slime:5  | Found a viscous altar of Jiyva.
 66737 | Slime:5  | Noticed the Royal Jelly
 66792 | Slime:5  | Killed the Royal Jelly
 66805 | Slime:5  | Gained mutation: Scrolls take you a little longer to read.
                  | [a shining eye]
 66813 | Slime:5  | Lost mutation: Scrolls take you a little longer to read.
                  | [potion of mutation]
 66813 | Slime:5  | Gained mutation: Your spells are a little harder to cast,
                  | but a little more powerful. [potion of mutation]
 66813 | Slime:5  | Gained mutation: Scrolls take you a little longer to read.
                  | [potion of mutation]
 66813 | Slime:5  | Gained mutation: You are partially covered in molten
                  | scales. (AC +2) [potion of mutation]
 66813 | Slime:5  | Gained mutation: You are mostly covered in molten scales.
                  | (AC +3) [potion of mutation]
 66814 | Slime:5  | Lost mutation: You are mostly covered in molten scales. (AC
                  | +3) [potion of mutation]
 66814 | Slime:5  | Lost mutation: Scrolls take you a little longer to read.
                  | [potion of mutation]
 66814 | Slime:5  | Lost mutation: You are partially covered in molten scales.
                  | (AC +2) [potion of mutation]
 66814 | Slime:5  | Gained mutation: You are covered in fur. (AC +1) [potion of
                  | mutation]
 66814 | Slime:5  | Gained mutation: Your muscles are strong. (Str +2) [potion
                  | of mutation]
 66814 | Slime:5  | Gained mutation: You are partially covered in slimy green
                  | scales. (AC +2) [potion of mutation]
 66854 | Slime:5  | Got a faintly humming helmet
 66858 | Slime:5  | Got a distressingly furry plate armour
 66876 | Slime:5  | Identified the +9 plate armour "Abrarac" {Int+6} (You found
                  | it on level 5 of the Pits of Slime)
 66877 | Slime:5  | Identified the cursed +0 helmet of the Dice {Str+3 Int+8
                  | Dex+2} (You found it on level 5 of the Pits of Slime)
 66908 | Slime:5  | Got a brightly glowing shield
 66909 | Slime:5  | Identified the +0 shield of Protective Custody {+Fly Dex+2}
                  | (You acquired it on level 5 of the Pits of Slime)
 66913 | Slime:5  | Got a slimy rune of Zot
 66942 | Slime:5  | Identified Sif Muna's Disquisition on the Cankerous Rocks
 66953 | Slime:5  | Got a polished hand crossbow
 66982 | Slime:5  | Identified the Grimoire of the Warped Entourage
 67377 | Pan      | Entered Pandemonium
 67481 | Pan      | Noticed Vocow the pandemonium lord
 67507 | Pan      | Killed Vocow the pandemonium lord
 67606 | Pan      | Noticed Ojoxut the pandemonium lord
 67617 | Pan      | Got a demonic rune of Zot
 67738 | Pan      | Got an ancient shortbow
 67875 | Pan      | Noticed Telealou the pandemonium lord
 67907 | Pan      | Killed Telealou the pandemonium lord
 68251 | Pan      | Gained mutation: Armour fits poorly on your strangely
                  | shaped body. [a cacodemon]
 68342 | Pan      | Found a transporter.
 68353 | Pan      | Noticed Kamufasy the pandemonium lord
 68370 | Pan      | Killed Kamufasy the pandemonium lord
 69065 | Pan      | Entered the realm of Gloorx Vloq.
 69455 | Pan      | Reached skill level 27 in Invocations
 69925 | Pan      | Noticed Gloorx Vloq
 69951 | Pan      | Killed Gloorx Vloq
 70026 | Pan      | Got a dark rune of Zot
 70073 | Pan      | Learned a level 1 spell: Apportation
 70230 | Pan      | Found an exit through the horrors of the Abyss.
 70257 | Pan      | Reached skill level 1 in Translocations
 70341 | Pan      | Entered the realm of Lom Lobon.
 71454 | Pan      | Noticed Lom Lobon
 71474 | Pan      | Killed Lom Lobon
 71502 | Pan      | Got a magical rune of Zot
 71622 | Pan      | Reached skill level 5 in Translocations
 71648 | Pan      | Entered the realm of Mnoleg.
 72020 | Pan      | Gained mutation: You tend to lose your temper in combat. [a
                  | neqoxec]
 72073 | Pan      | Lost mutation: Armour fits poorly on your strangely shaped
                  | body. [potion of mutation]
 72073 | Pan      | Lost mutation: You tend to lose your temper in combat.
                  | [potion of mutation]
 72073 | Pan      | Lost mutation: Your muscles are strong. (Str +2) [potion of
                  | mutation]
 72073 | Pan      | Gained mutation: Your body sometimes deteriorates upon
                  | taking damage. [potion of mutation]
 72073 | Pan      | Gained mutation: You tend to lose your temper in combat.
                  | [potion of mutation]
 72073 | Pan      | Gained mutation: You have supernaturally acute eyesight.
                  | (SInv) [potion of mutation]
 72074 | Pan      | Lost mutation: Your body sometimes deteriorates upon taking
                  | damage. [potion of mutation]
 72074 | Pan      | Lost mutation: You are partially covered in slimy green
                  | scales. (AC +2) [potion of mutation]
 72074 | Pan      | Gained mutation: You evolve. [potion of mutation]
 72074 | Pan      | Gained mutation: Armour fits poorly on your strangely
                  | shaped body. [potion of mutation]
 72074 | Pan      | Lost mutation: You tend to lose your temper in combat.
                  | [potion of mutation]
 72074 | Pan      | Gained mutation: You have large cloven feet. [potion of
                  | mutation]
 72143 | Pan      | Lost mutation: You have supernaturally acute eyesight.
                  | (SInv) [a neqoxec]
 72149 | Pan      | Gained mutation: You occasionally shout uncontrollably at
                  | your foes. [a neqoxec]
 72214 | Pan      | Gained mutation: You are clumsy. (Dex -2) [a neqoxec]
 72221 | Pan      | Noticed Mnoleg
 72228 | Pan      | Gained mutation: Scrolls take you a little longer to read.
                  | [a cacodemon]
 72230 | Pan      | Gained mutation: You are frail. (-10% HP) [a neqoxec]
 72239 | Pan      | Killed Mnoleg
 72274 | Pan      | Got a glowing rune of Zot
 72342 | Pan      | Lost mutation: You occasionally shout uncontrollably at
                  | your foes. [potion of mutation]
 72342 | Pan      | Lost mutation: You are frail. (-10% HP) [potion of
                  | mutation]
 72342 | Pan      | Gained mutation: Your magical capacity is low. (-10% MP)
                  | [potion of mutation]
 72342 | Pan      | Gained mutation: You are partially covered in rugged brown
                  | scales. (AC +1, +3% HP) [potion of mutation]
 72343 | Pan      | Lost mutation: You evolve. [potion of mutation]
 72343 | Pan      | Lost mutation: You have large cloven feet. [potion of
                  | mutation]
 72343 | Pan      | Lost mutation: You are clumsy. (Dex -2) [potion of
                  | mutation]
 72343 | Pan      | Lost mutation: Your spells are a little harder to cast, but
                  | a little more powerful. [potion of mutation]
 72343 | Pan      | Gained mutation: You are mostly covered in rugged brown
                  | scales. (AC +2, +5% HP) [potion of mutation]
 72343 | Pan      | Gained mutation: You have a pair of small horns on your
                  | head. [potion of mutation]
 72344 | Pan      | Lost mutation: You have a pair of small horns on your head.
                  | [potion of mutation]
 72344 | Pan      | Lost mutation: Scrolls take you a little longer to read.
                  | [potion of mutation]
 72344 | Pan      | Gained mutation: You have large cloven feet. [potion of
                  | mutation]
 72354 | Pan      | Noticed Beanwe the pandemonium lord
 72383 | Pan      | Killed Beanwe the pandemonium lord
 72541 | Pan      | Entered the realm of Cerebov.
 72987 | Pan      | Found an exit through the horrors of the Abyss.
 73401 | Pan      | Identified the +6 sword of Cerebov {flame}
 73401 | Pan      | Noticed Cerebov
 73454 | Pan      | Killed Cerebov
 73511 | Pan      | Got a transparent dagger
 73514 | Pan      | Got a scorched ring mail
 73515 | Pan      | Identified the +2 ring mail of Qazlal's Pride {*Slow rElec
                  | Str+3} (You found it in Pandemonium)
 73565 | Pan      | Got a brightly glowing ring mail
 73566 | Pan      | Identified the +1 ring mail "Neikatati" {rPois Regen+} (You
                  | found it in Pandemonium)
 73682 | Pan      | Got a fiery rune of Zot
 73726 | Depths:3 | Escaped Pandemonium
 73772 | Hell     | Entered the Vestibule of Hell
 73772 | Hell     | Noticed Geryon
 73795 | Hell     | Reached skill level 10 in Translocations
 73795 | Hell     | Killed Geryon
 73823 | Hell     | Noticed Murray
 73916 | Hell     | Killed Murray
 74110 | Hell     | Learned a level 2 spell: Blink
 74115 | Hell     | Learned a level 4 spell: Passage of Golubria
 74137 | Hell     | Found a gateway to the freezing wastes of Cocytus.
 74227 | Hell     | Found a gateway to the decaying netherworld of Tartarus.
 74278 | Hell     | Reached skill level 1 in Spellcasting
 74335 | Hell     | Found a gateway to the ashen valley of Gehenna.
 74461 | Hell     | Found a gateway to the Iron City of Dis.
 74563 | Tar:1    | Entered Level 1 of Tartarus
 75148 | Tar:1    | Reached skill level 5 in Spellcasting
 76035 | Tar:5    | You are sucked into a shaft!
 76206 | Tar:7    | Entered Level 7 of Tartarus
 76521 | Tar:7    | Noticed Ereshkigal
 76555 | Tar:7    | Killed Ereshkigal
 76582 | Tar:7    | Got a bone rune of Zot
 76750 | Geh:1    | Entered Level 1 of Gehenna
 76845 | Geh:1    | Reached skill level 10 in Spellcasting
 77583 | Geh:5    | Reached skill level 27 in Fighting
 78129 | Geh:7    | Entered Level 7 of Gehenna
 79249 | Geh:7    | Identified the +7 sceptre of Asmodeus
 79249 | Geh:7    | Noticed Asmodeus
 79277 | Geh:7    | Killed Asmodeus
 79326 | Geh:7    | Found the +1 cloak of Starlight {rElec rC+ EV+4 Stlth--}
 79344 | Geh:7    | Got a dazzling fustibalus
 79346 | Geh:7    | Got a transparent rapier
 79356 | Geh:7    | Got a topaz-encrusted leather armour
 79364 | Geh:7    | Got a bloodstained rapier
 79366 | Geh:7    | Identified the Guide on Dark Talismans
 79404 | Geh:7    | Got an obsidian rune of Zot
 79662 | Coc:1    | Entered Level 1 of Cocytus
 80732 | Coc:7    | Entered Level 7 of Cocytus
 80743 | Coc:7    | Got a pitted plate armour
 80744 | Coc:7    | Identified the +5 plate armour "Qeoch" {Int+3} (You found
                  | it on level 7 of Cocytus)
 80762 | Coc:7    | Identified the Incunabulum of the Mountains
 80845 | Coc:7    | Got a faintly glowing graven amulet
 80859 | Coc:7    | Identified the amulet of the Snail {Spirit *Slow rElec
                  | rPois SInv} (You found it on level 7 of Cocytus)
 80882 | Coc:7    | Identified the Almanac of Burning Cold
 80910 | Coc:7    | Noticed Antaeus
 80961 | Coc:7    | Killed Antaeus
 80982 | Coc:7    | Got an icy rune of Zot
 81372 | Dis:1    | Entered Level 1 of the Iron City of Dis
 82203 | Dis:7    | Entered Level 7 of the Iron City of Dis
 83600 | Dis:7    | Reached skill level 27 in Armour
 83748 | Dis:7    | Identified the +4 staff of Dispater
 83748 | Dis:7    | Noticed Dispater
 83779 | Dis:7    | Killed Dispater
 83779 | Dis:7    | Reached skill level 27 in Shields
 83789 | Dis:7    | Got an iron rune of Zot
 83993 | Depths:4 | Voluntarily entered the Abyss.
 84111 | Abyss:1  | Found a corrupted altar of Lugonu.
 84136 | Abyss:1  | Found a corrupted altar of Lugonu.
 84148 | Abyss:1  | Paralysed by accursed screaming for 1 turns
 84197 | Abyss:1  | Found a corrupted altar of Lugonu.
 84249 | Abyss:1  | Found a corrupted altar of Lugonu.
 84274 | Abyss:1  | Paralysed by accursed screaming for 1 turns
 84454 | Abyss:2  | Got a pair of faintly humming gloves
 84455 | Abyss:2  | Identified the +2 pair of gloves of Jaorotosch {Str+2} (You
                  | acquired it on level 2 of the Abyss)
 84479 | Abyss:2  | Found a corrupted altar of Lugonu.
 84767 | Abyss:3  | Gained mutation: Your spells are a little easier to cast,
                  | but a little less powerful. [a neqoxec]
 84831 | Abyss:3  | Got an abyssal rune of Zot
 84888 | Abyss:3  | Reached skill level 15 in Dodging
 85037 | Depths:4 | Escaped the Abyss
 85463 | Tomb:2   | Noticed Khufu
 85463 | Tomb:2   | Noticed a greater mummy
 85463 | Tomb:2   | Noticed a greater mummy
 85466 | Tomb:2   | Noticed a greater mummy
 85466 | Tomb:2   | Noticed a greater mummy
 85468 | Tomb:2   | Noticed a greater mummy
 85471 | Tomb:2   | Noticed a greater mummy
 85473 | Tomb:2   | Killed a greater mummy
 85477 | Tomb:2   | Killed a greater mummy
 85478 | Tomb:2   | Killed Khufu
 85902 | Tomb:3   | Entered Level 3 of the Tomb of the Ancients
 85949 | Tomb:3   | Noticed a greater mummy
 85963 | Tomb:3   | Noticed a greater mummy
 85964 | Tomb:3   | Noticed a greater mummy
 85979 | Tomb:3   | Killed a greater mummy
 85980 | Tomb:3   | Noticed a greater mummy
 85985 | Tomb:3   | Killed a greater mummy
 86027 | Tomb:3   | Noticed a greater mummy
 86035 | Tomb:3   | Killed a greater mummy
 86087 | Tomb:3   | Noticed a greater mummy
 86091 | Tomb:3   | Noticed a greater mummy
 86097 | Tomb:3   | Killed a greater mummy
 86101 | Tomb:3   | Noticed a greater mummy
 86117 | Tomb:3   | Killed a greater mummy
 86129 | Tomb:3   | Killed a greater mummy
 86182 | Tomb:3   | Got a golden rune of Zot
 86249 | Tomb:3   | Noticed a greater mummy
 86277 | Tomb:3   | Killed a greater mummy
 86624 | Tomb:3   | Killed a greater mummy
 87237 | Zot:1    | Entered Level 1 of the Realm of Zot
 88896 | Vaults:1 | Bought a potion of haste for 150 gold pieces
 88896 | Vaults:1 | Bought a potion of curing for 45 gold pieces
 88896 | Vaults:1 | Bought a potion of haste for 150 gold pieces
 90040 | Zot:5    | Entered Level 5 of the Realm of Zot
 90293 | Zot:5    | Noticed an ancient lich
 90315 | Zot:5    | Killed an ancient lich
 90610 | Zot:5    | Noticed an ancient lich
 90624 | Zot:5    | Killed an ancient lich
 90647 | Zot:5    | Noticed an ancient lich
 90648 | Zot:5    | Noticed an orb of fire
 90658 | Zot:5    | Noticed an ancient lich
 90663 | Zot:5    | Gained mutation: You tend to lose your temper in combat.
                  | [an orb of fire]
 90668 | Zot:5    | Killed an orb of fire
 90677 | Zot:5    | Killed an ancient lich
 90680 | Zot:5    | Killed an ancient lich
 90695 | Zot:5    | Lost mutation: You tend to lose your temper in combat.
                  | [potion of mutation]
 90695 | Zot:5    | Lost mutation: Your spells are a little easier to cast, but
                  | a little less powerful. [potion of mutation]
 90695 | Zot:5    | Lost mutation: Armour fits poorly on your strangely shaped
                  | body. [potion of mutation]
 90695 | Zot:5    | Gained mutation: Your magical capacity is very low. (-20%
                  | MP) [potion of mutation]
 90695 | Zot:5    | Gained mutation: You have hoof-like feet. [potion of
                  | mutation]
 90695 | Zot:5    | Gained mutation: You are partially covered in molten
                  | scales. (AC +2) [potion of mutation]
 90724 | Zot:5    | HP: 8/208 [electric golem (9)]
 90724 | Zot:5    | Mangled by an electric golem

Skill      XL: |  1  2  3  4  5  6  7  8  9 10 11 12 13 14 15 16 17 18 19 20 21 22 23 24 25 26 27 |
---------------+----------------------------------------------------------------------------------+-----
Armour         | 1 2 3 5 6 7 9 10 11 12 13 14 15 16 17 27 | 27.0
Maces & Flails | 4 5 6 7 9 10 12 13 14 15 16 17 18 | 18.0
Fighting       | 3 4 5 6 8 9 10 11 12 13 14 15 16 17 18 19 20 21 22 23 27 | 27.0
Shields        | 1 2 3 4 7 12 15 17 19 20 21 27 | 27.0
Invocations    | 1 2 4 5 7 8 9 11 12 14 15 16 18 19 20 21 22 23 24 27 | 27.0
Dodging        | 4 5 6 7 9 10 22 | 22.0
Translocations | 12 | 12.0
Spellcasting   | 12 | 12.0
Throwing       | |  1.7

Action                   |  1- 3 |  4- 6 |  7- 9 | 10-12 | 13-15 | 16-18 | 19-21 | 22-24 | 25-27 || total
-------------------------+-------+-------+-------+-------+-------+-------+-------+-------+-------++-------
Melee: Flail             |    62 |       |       |       |       |       |       |       |       ||    62
       Dagger            |    41 |   178 |   393 |   178 |       |       |       |       |       ||   790
       Dire flail        |       |       |       |   623 |   197 |       |       |       |       ||   820
       Great mace        |       |       |       |       |   979 |  1647 |   618 |       |       ||  3244
       Sacred scourge    |       |       |       |       |       |       |  1060 |  1919 |  9828 || 12807
Invok: Divine Shield     |       |       |     1 |     6 |     5 |     7 |     5 |     6 |    27 ||    57
       Summon Divine War |       |       |       |       |     3 |    10 |     4 |     4 |    43 ||    64
       Cleansing Flame   |       |       |       |       |     2 |     5 |    11 |     5 |    50 ||    73
       Brand Weapon With |       |       |       |       |       |       |     1 |       |       ||     1
 Abil: Fly               |       |       |       |       |     1 |       |       |     1 |     2 ||     4
       Stop Flying       |       |       |       |       |       |       |     1 |     1 |     2 ||     4
Evoke: Wand              |       |       |       |     7 |       |     2 |     1 |       |     1 ||    11
       Sack of spiders   |       |       |       |       |       |     2 |       |       |       ||     2
  Use: Scroll            |       |       |    11 |     7 |    17 |    10 |    14 |     6 |    58 ||   123
       Potion            |       |       |       |       |       |     2 |     3 |       |    49 ||    54
  Eat: Chunk             |     1 |     7 |     9 |    20 |    36 |    33 |    29 |    18 |    20 ||   173
       Ration            |       |       |       |     1 |     1 |     5 |     2 |     2 |    36 ||    47
Armor: Leather armour    |    69 |    57 |       |       |       |       |       |       |       ||   126
       Plate armour      |       |    11 |   318 |   636 |   159 |  1834 |   615 |       |       ||  3573
       Scale mail        |       |       |       |       |   822 |    82 |       |       |       ||   904
       Chain mail        |       |       |       |       |       |   183 |       |       |       ||   183
       Crystal plate arm |       |       |       |       |       |       |   392 |  1150 |   971 ||  2513
       Gold dragon scale |       |       |       |       |       |       |       |       |  2172 ||  2172
Dodge: Dodged            |    64 |   114 |   144 |   289 |   865 |  1242 |   552 |   413 |  1710 ||  5393
Block: Buckler           |     2 |    26 |   114 |    84 |       |       |   255 |   866 |   361 ||  1708
       Other             |       |       |       |    35 |    79 |    74 |    27 |       |       ||   215
       Large shield      |       |       |       |       |       |       |       |       |  8880 ||  8880
